AoeStats
← _The_Lion

Arabia

506536181Analyzed
1v1 RM · 19d ago on Sep 13, 2026· 19m 37s· 2 players
Game mode
Random Map
Map size
Tiny (2 player)
Population
200
Speed
Normal
Resources
Standard
Victory
Conquest
Starting age
Dark Age
Ending age
Imperial Age
RankedLock teamsTeams togetherTeam positionsShared explorationLock speedFull tech treeHidden civsTurbo modeCheats
Victory
Defeat
🇨🇦 Vietnamese · Canada
1642
+23
🇨🇱 Armenians · Chile
1800
-23
_The_Lion
6:14 Loom
9:33 Feudal Age
9:44 Man-at-Arms
13:18 Fletching
[CL] Dubstepyzed
6:22 Loom
8:55 Feudal Age
8:56 Man-at-Arms
9:41 Double-Bit Axe
16:42 Fletching
17:52 Padded Archer Armor
19:54 Wheelbarrow
Connection lost

Rejoining the realm…

Still unreachable

The connection could not be restored.

Session expired

The server has moved on; the page needs a fresh start.